 Dungeon Crawl Stone Soup version 0.13.0-25-g43d4df3 (webtiles) character file.

379 Ragg the Ruinous (level 5, 0/28 HPs)
             Began as a Deep Elf Conjurer on Oct 28, 2013.
             Slain by a phantom (6 damage)
             ... on Level 4 of the Dungeon on Oct 29, 2013.
             The game lasted 00:17:09 (4060 turns).

Ragg the Ruinous (Deep Elf Conjurer)                Turns: 4060, Time: 00:17:09

HP   0/28        AC  5     Str  5      XL: 5   Next: 57%
MP   0/13        EV 10     Int 21      God:
Gold 168         SH  0     Dex 15      Spells:  2 memorised,  2 levels left

Res.Fire  : . . .   See Invis. : .   o - +0,+1 orc dagger
Res.Cold  : . . .   Warding    : .   l - +0 orc leather armour
Life Prot.: . . .   Conserve   : .   (no shield)
Res.Poison: .       Res.Corr.  : .   (no helmet)
Res.Elec. : .       Clarity    : .   k - +1 orc cloak
Sust.Abil.: . .     Spirit.Shd : .   (no gloves)
Res.Mut.  : .       Stasis     : .   (no boots)
Res.Rott. : .       Flight     : .   (no amulet)
Saprovore : . . .                    (no ring)
                                     (no ring)

@: slightly resistant to hostile enchantments, fairly stealthy
A: no striking features
a: no special abilities


You were on level 4 of the Dungeon.
You were not hungry.

You visited 1 branch of the dungeon, and saw 4 of its levels.

You collected 148 gold pieces.

Inventory:

Hand weapons
 o - a +0,+1 orcish dagger (weapon)
 w - a cursed +0,+0 orcish trident
 x - a +2 blowgun
Armour
 k - a +1 orcish cloak (worn)
 l - a +0 orcish leather armour (worn)
Magical devices
 f - a wand of magic darts (8)
Comestibles
 b - a bread ration
 j - a meat ration
 q - a chunk of orc flesh
Scrolls
 a - 2 scrolls of teleportation {unknown}
 d - 2 scrolls of fear {unknown}
 e - 2 scrolls of remove curse {unknown}
 h - 2 scrolls of blinking {unknown}
 m - 4 scrolls of identify {unknown}
 n - a scroll of enchant armour {unknown}
 p - a scroll of random uselessness {unknown}
 v - a scroll of fog {unknown}
Potions
 g - a potion of poison {unknown}
 i - a potion of confusion
 r - a potion of resistance {unknown}
 s - 2 potions of heal wounds {unknown}
 t - 2 potions of curing
Books
 c - a book of Conjurations

   Spells                             Type                      Level
   *Magic Dart                        Conjuration                  1
   Searing Ray                        Conjuration                  2
   Dazzling Spray                     Conjuration/Hexes            3
   Iskenderun's Mystic Blast          Conjuration                  4
   *Iskenderun's Battlesphere         Conjuration/Charms           4
   Fulminant Prism                    Conjuration/Hexes            5
 u - a book of Dreams

   Spells                             Type                      Level
   Ensorcelled Hibernation            Hexes/Ice                    2
   Flight                             Charms/Air                   3
   Phase Shift                        Translocation                5
   Shadow Creatures                   Summoning                    5
   Mass Confusion                     Hexes                        6
   Darkness                           Hexes                        7


   Skills:
 - Level 2.4 Dodging
 - Level 2.4 Stealth
 - Level 1.5 Spellcasting
 + Level 6.8 Conjurations
 + Level 3.9 Charms


You had 2 spell levels left.
You knew the following spells:

 Your Spells              Type           Power        Failure   Level  Hunger
a - Magic Dart            Conj           ####         1%          1    #......
b - Iskenderun's Battles  Conj/Chrm      ###.....     21%         4    #####..


Dungeon Overview and Level Annotations

Branches:
Dungeon (4/27)
 Temple: D:4-7

Altars:
Zin

Shops:
D:4 }*/


Message History

* * * LOW HITPOINT WARNING * * *
Drink which item? (? for menu, Esc to quit)
Okay, then.
Casting: Magic Dart
Confirm with . or Enter, or press ? or * to list all spells.
Aiming: Magic Dart
Press: ? - help, Shift-Dir - straight line, f/p - phantom
Aim: a phantom (severely damaged)
The magic dart hits the phantom.
The phantom is severely damaged.
The phantom misses you.
Casting: Magic Dart
Confirm with . or Enter, or press ? or * to list all spells.
Aiming: Magic Dart
Press: ? - help, Shift-Dir - straight line, f/p - phantom
Aim: a phantom (severely damaged)
The magic dart hits the phantom.
The phantom is almost destroyed.
The phantom hits you.
You die...

#.#..............................
###%........................#....
#.)........................###...
##.......................... ...
..)......................... ...
............................ ..
.#..........................
##..#......................
###............@..........
##...........p..........
#.#.............#........
###.#..........###........
#.#............#..........
#..[..#.......[...............
##.#.#.#...................!...
##..#..........................
#.............................


You could see a phantom.

Vanquished Creatures
  An orc wizard (D:3)
  An orc priest (D:4)
  Ijyb (D:2)
  Jessica (D:2)
  3 adders (D:2)
  An adder skeleton (D:4)
  A giant gecko (D:2)
  11 orcs
  2 ball pythons (D:1)
  8 bats
  5 goblins
  12 hobgoblins
  3 jackals (D:2)
  8 kobolds
  A quokka (D:3)
  5 giant cockroaches
  3 giant newts
  13 rats
80 creatures vanquished.

Notes
Turn   | Place    | Note
--------------------------------------------------------------
     0 | D:1      | Ragg, the Deep Elf Conjurer, began the quest for the Orb.
     0 | D:1      | Reached XP level 1. HP: 10/10 MP: 4/4
    79 | D:1      | tripwire: master blaster
    81 | D:1      | Ragg: yes
   255 | D:1      | Shauncat: Good afternoon.
   324 | D:1      | Reached XP level 2. HP: 13/15 MP: 1/6
   360 | D:1      | Ragg: hi ho
   588 | D:1      | Reached skill level 5 in Conjurations
  1064 | D:2      | Found a glowing silver altar of Zin.
  1094 | D:2      | tripwire: Zin is a fag
  1095 | D:2      | Reached XP level 3. HP: 19/19 MP: 3/9
  1096 | D:2      | Ragg: whops
  1096 | D:2      | Ragg: str
  1096 | D:2      | Ragg: not int
  1096 | D:2      | Ragg: first
  1096 | D:2      | Ragg: ;_;
  1096 | D:2      | tripwire: no biggie
  1096 | D:2      | Ragg: i forgot cuz i played gree lol
  1096 | D:2      | Ragg: yea
  1096 | D:2      | Ragg: ill live
  1096 | D:2      | bingo: it helps to have 8 str
  1135 | D:2      | tripwire: i think DE wizard starts with even less str
  1142 | D:2      | tripwire: but they start with like 7 mp
  1153 | D:2      | tripwire: DE wz is my fav class
  1153 | D:2      | tripwire: combo i mean
  1162 | D:2      | bingo: i wanted to try a zin guy now actually
  1291 | D:2      | tripwire: zin is like an endgame conversion god tho isn't he? althoooo
  1293 | D:2      | Ragg: ill try dewz some time
  1293 | D:2      | tripwire: i remember speccing lyles merfolk skaldy transmuter dude
  1306 | D:2      | tripwire: and he was using zin incites to put packs of monsters to sleep/confuse
  1308 | D:2      | bingo: well recite got changed
  1310 | D:2      | bingo: yeah
  1311 | D:2      | tripwire: and then wading in and kungfuing everything to death
  1423 | D:2      | Noticed Ijyb
  1427 | D:2      | tripwire: DeWz is just as blasty ragg, but their spellbook starts them off with blink
  1431 | D:2      | tripwire: which is like, the absolute stone nuts best spell to start with
  1465 | D:2      | UrQuan: Recite is fun in Orcish Mines, Los in madness (permanent confusion) and Stupeified (permanent paralysis)
  1472 | D:2      | tripwire: unless its changed since i last tried one, i think their starting book has meph cloud as well
  1489 | D:2      | Ragg: WTF
  1489 | D:2      | tripwire: yeah urQuan i saw lyle tearin orc up with his reciter it was sick
  1489 | D:2      | Ragg: i hit the wrong button
  1489 | D:2      | Ragg: nooo
  1489 | D:2      | tripwire: what happen i didnt see
  1495 | D:2      | tripwire: did u waste a scroll or something
  1500 | D:2      | tripwire: lol
  1500 | D:2      | Ragg: fuck ass
  1507 | D:1      | tripwire: epic
  1509 | D:1      | Ragg: that was what i meant to do first time
  1509 | D:1      | Ragg: but i fucked it u
  1509 | D:1      | Ragg: z and < is right nedt to each other on my keyboard
  1509 | D:1      | Ragg: Its a real fucking hassle
  1509 | D:1      | tripwire: lol
  1562 | D:1      | tripwire: weird keyboard
  1740 | D:1      | Ragg: ya
  1740 | D:1      | tripwire: on the regular layout its pretty hard to make that mistake
  1776 | D:1      | Ragg: yes
  1776 | D:1      | tripwire: since its like, shift+ , or shift+.
  1783 | D:2      | Ragg: here <> are on the same key, its < and shift+< basically
  1783 | D:2      | Ragg: so i get confused al lthe time
  1783 | D:2      | Ragg: which is up and which is down
  1783 | D:2      | Ragg: lol
  1800 | D:2      | Noticed Jessica
  1807 | D:2      | Killed Jessica
  1807 | D:2      | Reached skill level 6 in Conjurations
  1807 | D:2      | Reached XP level 4. HP: 12/24 MP: 2/11
  1813 | D:2      | Learned a level 4 spell: Iskenderun's Battlesphere
  2036 | D:2      | Killed Ijyb
  2036 | D:2      | Reached skill level 1 in Charms
  2037 | D:2      | tripwire: igyb is fucking you up
  2380 | D:2      | Ragg: pizzas here gotta go lol
  2380 | D:2      | Ragg: maybe play more later
  2380 | D:2      | Ragg: cya
  2380 | D:2      | tripwire: bye
  3042 | D:3      | Reached XP level 5. HP: 28/28 MP: 3/13
  3397 | D:4      | Found Giedgh's Magical Wand Shoppe.
  3403 | D:4      | Found Frohem's General Store.
  3992 | D:4      | Found Faobirpha's Gadget Emporium.
  4029 | D:4      | Noticed a phantom
  4060 | D:4      | Slain by a phantom

Action                   |  1- 3 |  4- 6 || total
-------------------------+-------+-------++-------
Melee: Dagger            |     1 |     2 ||     3
 Cast: Magic Dart        |    70 |   123 ||   193
  Use: Potion            |     3 |       ||     3
